 Dungeon Crawl Stone Soup version 0.32-a0-450-g080537f31e (webtiles) character file.

Game seed: 6799012586852880561

58 shadowstone the Chopper (level 3, -1/30 HPs)
             Began as a Mountain Dwarf Reaver on Feb 23, 2024.
             Slain by an orc
             ... wielding a +2 whip of electrocution
              (4 damage)
             ... on level 3 of the Dungeon.
             The game lasted 00:04:38 (3070 turns).

shadowstone the Chopper (Mountain Dwarf Reaver)     Turns: 3070, Time: 00:04:39

Health: -1/30      AC:  5    Str: 14    XL:     3   Next: 76%
Magic:  1/5        EV: 10    Int: 15    God:
Gold:   100        SH:  0    Dex:  8    Spells: 2/5 levels left

rFire   . . .        i - +0 glaive
rCold   . . .        (shield currently unavailable)
rNeg    . . .        j - +0 ring mail
rPois   .            (no helmet)
rElec   .            (no cloak)
rCorr   .            (no gloves)
SInv    .            (no boots)
Will    .....        (no amulet) Stlth
                     (no ring)
HPRegen 0.25/turn    (no ring)
MPRegen 0.09/turn

%: no passive effects
@: no status effects
A: runic magic, artefact enchanting
a: no special abilities


You were on level 3 of the Dungeon.
You visited 1 branch of the dungeon, and saw 3 of its levels.

You collected 100 gold pieces.

Inventory:

Hand Weapons
 a - a +0 hand axe
 i - a +0 glaive (weapon)
Armour
 b - a +0 leather armour
 j - a +0 ring mail (worn)
Scrolls
 c - 2 scrolls of fog {unknown}
 e - a scroll of blinking {unknown}
 g - a scroll of revelation {unknown}
 k - 2 scrolls of immolation {unknown}
 n - a scroll of acquirement {unknown}
 q - a scroll of poison {unknown}
Potions
 d - a potion of lignification {unknown}
 f - a potion of curing {unknown}
 h - a potion of enlightenment {unknown}
 l - a potion of degeneration {unknown}
 m - a potion of invisibility {unknown}
 o - a potion of cancellation {unknown}
 p - a potion of resistance {unknown}


   Skills:
 + Level 2.6 Fighting
 + Level 4.3(4.4) Axes
 + Level 0.4(2.2) Polearms
 + Level 1.3 Armour
 + Level 1.7 Dodging
 + Level 1.8 Spellcasting
 + Level 3.0 Conjurations
 + Level 0.1 Translocations


You had 2 spell levels left.
You knew the following spells:

 Your Spells              Type           Power      Damage    Failure   Level
a - Kiss of Death         Conj/Necr      20%        2d7       14%         1
b - Momentum Strike       Conj/Tloc      12%        3d8       22%         2

Your spell library contained the following spells:

 Spells                   Type           Power      Damage    Failure   Level
 Dazzling Flash           Conj/Hex       10%        N/A       41%         3
 Hailstorm                Conj/Ice       5%         3d5       41%         3
 Mephitic Cloud           Conj/Alch/Air  4%         N/A       47%         3
 Curse of Agony           Necr           1%         N/A       100%        5
 Silence                  Hex/Air        0%         N/A       100%        5


Dungeon Overview and Level Annotations

Branches:
Dungeon (3/15)

Altars:

Shops:
D:2 :


Innate Abilities, Weirdness & Mutations

Your spellcasting is much less encumbered by armour.
You can use scrolls of enchantment on lesser artefacts.


Message History

There is an open door here.
You open the door.
There is an open door here.
q - a scroll labelled XUEXTEJ COLE Done exploring.
Done exploring.
Done exploring.
There is a stone staircase leading down here.
You climb downwards.
You hear the sound of rushing water.
There is an entrance to a sewer on this level.
Hurry and find it before the portal rusts away!
The orc shouts! x2; You hear a shout! x3
There is a stone staircase leading up here. 3 orcs come into view.
The orc shouts! x2
The orc throws a boomerang.
The boomerang barely misses you. The orc hits you with a +0 falchion.
You miscast Momentum Strike.
You are very lightly contaminated with residual magic.
Nothing appears to happen.
The orc hits you but does no damage.
The concentrated momentum misses the orc.
The orc barely misses you.
You don't have enough magic to cast this spell.
You hit the orc.
The orc is moderately wounded.
The orc barely misses you.
You slash the orc!
You kill the orc!
The orc hits you with a +2 whip of electrocution.
You closely miss the orc.
The orc hits you with a +2 whip of electrocution.
You are electrocuted!
Ouch! That really hurt!
* * * LOW HITPOINT WARNING * * *
Your magical contamination has completely faded away.
You barely miss the orc.
The orc hits you with a +2 whip of electrocution.
* * * LOW HITPOINT WARNING * * *
The orc hits you with a +2 whip of electrocution.
You die...

#### ..#
#####.###
#...<...#
#.###@#......
#o# #...#


oo# ... #o## # #. #. #. #. You could see 4 orcs.

Vanquished Creatures
  An adder (D:2)
  A ribbon worm (D:2)
  2 dart slugs (D:1)
  An orc (D:3)
  An endoplasm (D:2)
  2 giant cockroaches (D:2)
  3 goblins
  8 hobgoblins
  4 quokkas
  5 ball pythons
  3 bats
  2 frilled lizards (D:1)
  4 kobolds
  2 rats
39 creatures vanquished.

Notes
Turn   | Place    | Note
-------+----------+-------------------------------------------
     0 | D:1      | shadowstone the Mountain Dwarf Reaver began the quest for
                  | the Orb.
     0 | D:1      | Reached XP level 1. HP: 17/17 MP: 3/3
   372 | D:1      | Reached skill level 4 in Axes
   375 | D:1      | Reached XP level 2. HP: 22/24 MP: 4/4
  1298 | D:1      | Reached skill level 1 in Armour
  1510 | D:2      | Reached XP level 3. HP: 25/29 MP: 5/5
  1798 | D:2      | Learned a level 2 spell: Momentum Strike
  2083 | D:2      | Found Pabrony's Book Shop.
  3070 | D:3      | Slain by an orc

Illustrated notes

Levels and vault maps discovered:
D:1:      nicolae_arrival_washed_ashore, layout_basic, dk_noncrumbling_3,
          grunt_decor_fettered
D:2:      layout_basic, serial_shops, nicolae_square_shop,
          hangedman_decor_slide_cut
D:3:      layout_loops_corners, grunt_temple_overflow_open,
          gup_sewer_entry_bubbles, serial_bayou_pond_d

Skill      XL: |  1  2  3 |
---------------+----------+-----
Axes           | 4 |  4.3
Armour         | 1 |  1.3
Conjurations   | 3 |  3.0
Fighting       | |  2.6
Polearms       | |  0.4
Dodging        | |  1.7
Spellcasting   | |  1.8
Translocations | |  0.1

Action                     || total
---------------------------++-------
  Melee: Hand axe          ||    94
         Glaive            ||    60
   Cast: Kiss of Death     ||     1
         Momentum Strike   ||     4
 Armour: Leather armour    ||    69
         Ring mail         ||    54
  Dodge: Dodged            ||   118

Table legend: (Time is in decaauts)
 A = Elapsed time spent in this place.
 B = Non-inter-level travel time spent in this place.
 C = Inter-level travel time spent in this place.
 D = Time resting spent in this place.
 E = Time spent auto-exploring this place.
 F = Levels seen in this place.
 G = Mean time per level.
                   A        B        C        D        E       F      G
               +--------+--------+--------+--------+--------+-----+--------+
         Total |   3123 |   3064 |     59 |   1201 |   1068 |   3 | 1041.0 |
       Dungeon |   3123 |   3064 |     59 |   1201 |   1068 |   3 | 1041.0 |
               +--------+--------+--------+--------+--------+-----+--------+

Top non-repeatable levels by time:
     D:2: 1642 daAuts
     D:1: 1470 daAuts
     D:3: 9 daAuts
